 Dungeon Crawl Stone Soup version 0.32-a0-630-g46d191b0ed (webtiles) character file.

Game seed: 1580033287546568643

171 pascalblue the Firebug (level 5, 0/28 HPs)
             Began as a Deep Elf Fire Elementalist on Mar 6, 2024.
             Incinerated by a bombardier beetle (3 damage)
             ... with a burning spray
             ... on level 4 of the Dungeon.
             The game lasted 00:18:16 (3041 turns).

pascalblue the Firebug (Deep Elf Fire Elementalist) Turns: 3041, Time: 00:18:16

Health: 0/28       AC:  4    Str:  5    XL:     5   Next: 26%
Magic:  9/13       EV: 13    Int: 31    God:
Gold:   150        SH:  0    Dex: 18    Spells: 2/12 levels left

rFire   . . .        u - +1 dagger (venom)
rCold   . . .        (no shield)
rNeg    . . .        t - +1 robe of Defence {rCorr Int+9 Dex+3 Slay-4}
rPois   .            (no helmet)
rElec   .            (no cloak)
rCorr   +            (no gloves)
SInv    .            h - +0 pair of boots
Will    .....        (no amulet)
Stlth   +            (no ring)
HPRegen 0.24/turn    (no ring)
MPRegen 0.13/turn

%: no passive effects
@: on fire, glowing
A: no striking features
a: no special abilities


You were on level 4 of the Dungeon.
You visited 1 branch of the dungeon, and saw 4 of its levels.

You collected 150 gold pieces.

Inventory:

Hand Weapons
 u - a +1 dagger of venom (weapon)
Missiles
 d - 2 throwing nets
Armour
 a - a +0 robe
 h - a +0 pair of boots (worn)
 t - the +1 robe of Defence (worn) {rCorr Int+9 Dex+3 Slay-4}
   (You found it on level 4 of the Dungeon)

   Int+9:     It affects your intelligence (+9).
   Dex+3:     It affects your dexterity (+3).
   Slay-4:    It affects your accuracy & damage with ranged weapons and melee
   (-4).
   rCorr:     It protects you from acid and corrosion.
Jewellery
 g - a +6 ring of intelligence
Wands
 s - a wand of roots (5)
Scrolls
 c - a scroll of enchant weapon {unknown}
 i - 4 scrolls of identify {unknown}
 j - a scroll of torment {unknown}
 l - 3 scrolls of vulnerability {unknown}
 m - a scroll of revelation {unknown}
 n - a scroll of enchant armour {unknown}
 p - a scroll of noise {unknown}
 q - a scroll of butterflies {unknown}
 r - 4 scrolls of blinking {unknown}
Potions
 b - a potion of magic
 e - a potion of might {unknown}
 f - 5 potions of curing {unknown}
 k - 2 potions of heal wounds {unknown}
 o - a potion of cancellation {unknown}


   Skills:
 - Level 3.0 Dodging
 - Level 2.4 Stealth
 + Level 4.2 Spellcasting
 + Level 2.5 Conjurations
 + Level 1.5 Translocations
 * Level 4.9 Fire Magic


You had 2 spell levels left.
You knew the following spells:

 Your Spells              Type           Power      Damage    Failure   Level
a - Foxfire               Conj/Fire      100%       2x1d9     1%          1
b - Scorch                Fire           74%        2d8       1%          2
c - Volatile Blastmotes   Fire/Tloc      52%        2d14      4%          3
d - Flame Wave            Conj/Fire      29%        2d9       12%         4

Your spell library contained the following spells:

 Spells                   Type           Power      Damage    Failure   Level
 Necrotise                Necr           24%        1d5       6%          1
 Inner Flame              Hex/Fire       21%        N/A       6%          3
 Vampiric Draining        Necr           6%         2d6       19%         3
 Martyr's Knell           Necr/Summ      6%         N/A       52%         4
 Curse of Agony           Necr           6%         N/A       86%         5
 Malign Gateway           Summ/Tloc      5%         N/A       100%        7
 Summon Horrible Things   Summ           3%         N/A       100%        8


Dungeon Overview and Level Annotations

Branches:
Dungeon (4/15)
 Temple: D:4-7

Altars:


Message History

You conjure some foxfire!
The liquid fire burns you!
Your foxfire dissipates!
You shake off the liquid fire.
The foxfire hits the bombardier beetle.
The bombardier beetle is almost dead.
Casting: Foxfire (safe; 1% risk of failure)
Confirm with . or Enter, or press ? or * to list all spells.
You conjure some foxfire!
The bombardier beetle sprays incendiary fluid at you.
The burning spray hits you.
You are covered in liquid fire!
Your foxfire dissipates!
You shake off some of the fire as you move.
The liquid fire burns you!
The foxfire hits the bombardier beetle but does no damage.
The bombardier beetle is almost dead.
Casting: Foxfire (safe; 1% risk of failure)
Confirm with . or Enter, or press ? or * to list all spells.
You conjure some foxfire!
The liquid fire burns you!
The bombardier beetle sprays incendiary fluid at you.
The burning spray hits you.
You are even more covered in liquid fire!
You shake off some of the fire as you move.
The liquid fire burns you!
* * * LOW HITPOINT WARNING * * *
The foxfire hits the bombardier beetle!
You kill the bombardier beetle!
Unknown command.
You are on fire!
You shake off some of the fire as you move.
The liquid fire burns you!
* * * LOW HITPOINT WARNING * * *
Your foxfire dissipates!
Okay, then.
Okay, then.
You shake off some of the fire as you move.
The liquid fire burns you!
You die...

# . . #+# #+#
#.##########.##+######+#
#.........#....>........
#.........#.§...@.......
#.........+.§...........
#...###.§###§..#########
#...###..###...###..#############
.....#.....§....#.)..............
.....#..........#......)).....)..
.##..#######..###+##..##..##.####
.##..###.###..###.##..##..##.###.
.......#...#.....................


There were no monsters in sight!

Vanquished Creatures
  A bombardier beetle (D:4)
  An orc wizard (D:4)
  2 adders (D:2)
  A ribbon worm (D:2)
  3 dart slugs
  3 orcs (D:4)
  9 ball pythons
  3 bats
  11 endoplasms
  4 giant cockroaches
  6 goblins
  7 hobgoblins
  4 jackals (D:3)
  4 kobolds
  7 quokkas
  4 frilled lizards
  6 rats
76 creatures vanquished.

Vanquished Creatures (others)
  171 foxfires
171 creatures vanquished.

Grand Total: 247 creatures vanquished

Notes
Turn   | Place    | Note
-------+----------+-------------------------------------------
     0 | D:1      | pascalblue the Deep Elf Fire Elementalist began the quest
                  | for the Orb.
     0 | D:1      | Reached XP level 1. HP: 10/10 MP: 6/6
   199 | D:1      | Reached XP level 2. HP: 15/15 MP: 6/8
   614 | D:1      | Reached XP level 3. HP: 13/19 MP: 3/9
   772 | D:1      | Learned a level 2 spell: Scorch
   776 | D:1      | Learned a level 3 spell: Volatile Blastmotes
  1439 | D:2      | Reached XP level 4. HP: 19/24 MP: 7/11
  1444 | D:2      | Learned a level 4 spell: Flame Wave
  2148 | D:3      | Reached skill level 1 in Translocations
  2876 | D:4      | Identified the +1 robe of Defence {rCorr Int+9 Dex+3
                  | Slay-4}
  3008 | D:4      | Reached XP level 5. HP: 28/28 MP: 11/13
  3041 | D:4      | Incinerated by a bombardier beetle

Illustrated notes

Levels and vault maps discovered:
D:1:      dpeg_arrival_arbitrary_c, layout_loops_ring,
          chequers_serial_rivers_marsh, minmay_small_reverse_x
D:2:      layout_loops_corners, grunt_decor_mini_mirrors
D:3:      layout_rooms
D:4:      layout_gridville

Skill      XL: |  1  2  3  4 |
---------------+-------------+-----
Fire Magic     | 4 |  4.9
Dodging        | 3 |  3.0
Conjurations   | 2 |  2.5
Translocations | 1 |  1.5
Spellcasting   | 4 |  4.2
Stealth        | |  2.4

Action                     |  1- 3 |  4- 6 || total
---------------------------+-------+-------++-------
  Melee: Unarmed           |     2 |       ||     2
   Cast: Foxfire           |    57 |    53 ||   110
         Scorch            |     1 |       ||     1
         Volatile Blastmot |       |     1 ||     1
 Armour: Robe              |    17 |    27 ||    44
  Dodge: Dodged            |    31 |    24 ||    55

Table legend: (Time is in decaauts)
 A = Elapsed time spent in this place.
 B = Non-inter-level travel time spent in this place.
 C = Inter-level travel time spent in this place.
 D = Time resting spent in this place.
 E = Time spent auto-exploring this place.
 F = Levels seen in this place.
 G = Mean time per level.
                   A        B        C        D        E       F      G
               +--------+--------+--------+--------+--------+-----+--------+
         Total |   3046 |   3008 |     38 |    176 |   2122 |   4 |  761.5 |
       Dungeon |   3046 |   3008 |     38 |    176 |   2122 |   4 |  761.5 |
               +--------+--------+--------+--------+--------+-----+--------+

Top non-repeatable levels by time:
     D:1: 1072 daAuts
     D:2: 992 daAuts
     D:3: 503 daAuts
     D:4: 478 daAuts
